 Dungeon Crawl Stone Soup version 0.18-a0-1292-ge8ad84c (webtiles) character file.

385 Lysie the Chopper (level 6, -7/51 HPs)
             Began as a Minotaur Fighter on Feb 10, 2016.
             Was an Initiate of Okawaru.
             Mangled by Sigmund
             ... wielding a +0 scythe
              (10 damage)
             ... on level 3 of the Dungeon.
             The game lasted 00:03:57 (2339 turns).

Lysie the Chopper (Minotaur Fighter)                Turns: 2339, Time: 00:03:57

Health: -7/51      AC:  6    Str: 28    XL:     6   Next: 48%
Magic:  5/5        EV:  8    Int: 10    God:    Okawaru [......]
Gold:   190        SH:  0    Dex:  9    Spells: 0 memorised, 5 levels left

rFire  . . .     SeeInvis .     a - +0 war axe
rCold  + . .     Gourm    .     l - +0 ring mail {rC+}
rNeg   . . .     Faith    .     c - +0 shield
rPois  .         Spirit   .     (helmet restricted)
rElec  .         Dismiss  .     (no cloak)
rCorr  .         Reflect  .     (no gloves)
SustAt .         Harm     .     (no boots)
MR     .....                    h - amulet of rage
Stlth  ..........               (no ring)
                                j - +5 ring of intelligence

@: confused, mighty, not resistant to hostile enchantments, extremely unstealthy
A: retaliatory headbutt, horns 2
a: Renounce Religion, Evoke Berserk Rage


You were on level 3 of the Dungeon.
You worshipped Okawaru.
Okawaru was noncommittal.
You were not hungry.

You visited 1 branch of the dungeon, and saw 3 of its levels.

You collected 190 gold pieces.

Inventory:

Hand Weapons
 a - a +0 war axe (weapon)
Armour
 b - a +0 scale mail
 c - a +0 shield (worn)
 l - a +0 ring mail of cold resistance (worn)
Jewellery
 h - an amulet of rage (around neck)
 j - a +5 ring of intelligence (left hand)
Wands
 m - a wand of lightning (4/15)
Scrolls
 e - a scroll of teleportation
 g - a scroll of noise {unknown}
 i - a scroll of fog {unknown}
 k - a scroll of enchant weapon {unknown}
 q - 2 scrolls of amnesia
Potions
 n - 2 potions of brilliance
Comestibles
 f - 3 bread rations
 o - a meat ration


   Skills:
 - Level 3.6 Fighting
 * Level 6.0 Axes
 + Level 5.5 Armour
 + Level 5.4 Shields


You had 5 spell levels left.
You didn't know any spells.

Dungeon Overview and Level Annotations

Branches:
Dungeon (3/15)

Altars:
Okawaru
Trog

Annotations:
D:3 Sigmund


Innate Abilities, Weirdness & Mutations

You reflexively headbutt those who attack you in melee.
You have a pair of horns on your head.


Message History

You feel very mighty all of a sudden.
You bump into the rock wall.
You hear some strange, mumbled words.
You are more confused.
You closely miss something. Something hits you!
* * * LOW HITPOINT WARNING * * *
You bump into the rock wall.
Something hits you.
* * * LOW HITPOINT WARNING * * *
You miss something. Something hits you.
* * * LOW HITPOINT WARNING * * *
You completely miss something. Your headbutt misses something.
You hear some strange, mumbled words.
A puff of flame appears from out of thin air!
The puff of flame hits you!
* * * LOW HITPOINT WARNING * * *
You miss something. Your headbutt misses something.
You hear some strange, mumbled words.
You are more confused.
You miss something. You headbutt something! Something hits you!
You die...

######
#..#.##.#
##.......####
#...#......).
##.###.#######
#...##.#
#.###.#.# ...
#.#.#
###.###.#.#
#.{@##.#
######.. ###


There were no monsters in sight!

Vanquished Creatures
  Grinder (D:3)
  A giant frog skeleton (D:3)
  Ijyb (D:3)
  5 adders
  7 worms
  A giant gecko (D:3)
  4 orcs (D:3)
  5 bats
  7 giant cockroaches
  6 goblins
  3 hobgoblins
  8 jackals (D:2)
  A quokka (D:2)
  2 giant newts
  6 kobolds
  8 rats
66 creatures vanquished.

Notes
Turn   | Place    | Note
--------------------------------------------------------------
     0 | D:1      | Lysie the Minotaur Fighter began the quest for the Orb.
     0 | D:1      | Reached XP level 1. HP: 19/19 MP: 0/0
   227 | D:1      | Reached skill level 4 in Shields
   227 | D:1      | Reached XP level 2. HP: 26/26 MP: 1/1
   647 | D:2      | Reached XP level 3. HP: 14/31 MP: 2/2
  1064 | D:2      | Reached XP level 4. HP: 36/39 MP: 3/3
  1383 | D:3      | Noticed Ijyb
  1388 | D:3      | Killed Ijyb
  1520 | D:3      | Reached XP level 5. HP: 12/45 MP: 4/4
  1896 | D:3      | Found an iron altar of Okawaru.
  1902 | D:3      | Found a bloodstained altar of Trog.
  1907 | D:3      | Became a worshipper of Warmaster Okawaru
  2008 | D:3      | Noticed Grinder
  2030 | D:3      | Killed Grinder
  2030 | D:3      | Reached skill level 5 in Axes
  2030 | D:3      | Reached skill level 5 in Armour
  2030 | D:3      | Reached skill level 5 in Shields
  2030 | D:3      | Reached XP level 6. HP: 27/51 MP: 5/5
  2296 | D:3      | Reached skill level 6 in Axes
  2319 | D:3      | Noticed Sigmund
  2337 | D:3      | HP: 2/51 [something/puff of flame (5)]
  2339 | D:3      | Mangled by Sigmund

Vault maps used:
D:1:      lemuel_arrival_cross, minmay_curled_crystal
D:3:      minitemple, first_bread, trog_hazing_becter, uniq_grinder, uniq_iyjb,
          uniq_sigmund

Action                   |  1- 3 |  4- 6 || total
-------------------------+-------+-------++-------
Melee: War axe           |    98 |    76 ||   174
 Abil: Evoke Berserk Rag |       |     1 ||     1
  Use: Potion            |       |     3 ||     3
       Scroll            |       |     3 ||     3
  Eat: Meat ration       |       |     1 ||     1
       Pizza             |       |     1 ||     1
